AoeStats
← sebastianlopez2707

Arabia

504335453Analyzed
1v1 RM · 29d ago on Sep 4, 2026· 50m 7s· 2 players
Game mode
Random Map
Map size
Tiny (2 player)
Population
200
Speed
Normal
Resources
Standard
Victory
Conquest
Starting age
Dark Age
Ending age
Imperial Age
RankedLock teamsTeams togetherTeam positionsShared explorationLock speedFull tech treeHidden civsTurbo modeCheats
Victory
Defeat
🇨🇴 Franks · Colombia
478
+18
🇻🇪 Maya · Venezuela
522
-18
sebastianlopez2707
7:56 Loom
10:59 Feudal Age
11:37 Double-Bit Axe
19:57 Wheelbarrow
22:51 Castle Age
21:32 Scale Barding Armor
21:38 Forging
26:02 Bow Saw
25:45 Gold Mining
25:46 Stone Mining
26:40 Chain Barding Armor
26:56 Iron Casting
26:23 Padded Archer Armor
26:13 Fletching
26:45 Hand Cart
29:57 Leather Archer Armor
32:44 Husbandry
38:44 Imperial Age
37:45 Elite Skirmisher
39:05 Cavalier
40:24 Plate Barding Armor
40:50 Blast Furnace
42:04 Town Watch
42:12 Paladin
44:35 Conscription
Havick
1:15 Loom
10:38 Feudal Age
11:15 Double-Bit Axe
11:14 Horse Collar
21:32 Wheelbarrow
20:56 Gold Mining
20:56 Stone Mining
26:35 Castle Age
25:54 Forging
28:16 Bow Saw
28:12 Heavy Plow
32:40 Iron Casting
32:06 Scale Mail Armor
38:21 Chain Mail Armor
42:03 Imperial Age
41:13 Fletching
41:23 Padded Archer Armor
42:12 Ballistics
41:42 Heated Shot
42:28 Hand Cart
42:21 Town Watch
43:11 Conscription
42:32 Pikeman
43:15 Squires
43:03 Arson
44:40 Bodkin Arrow
45:02 Leather Archer Armor
46:07 Two-Man Saw
45:48 Crop Rotation
47:07 Chemistry
46:33 Guard Tower
46:45 Halberdier
Connection lost

Rejoining the realm…

Still unreachable

The connection could not be restored.

Session expired

The server has moved on; the page needs a fresh start.